AoeStats
← Molgrimmarr

MegaRandom

505134775Analyzed
3v3 RM · 24d ago on Sep 8, 2026· 48m 55s· 6 players
Game mode
Random Map
Map size
Normal (6 player)
Population
200
Speed
Normal
Resources
Standard
Victory
Conquest
Starting age
Dark Age
Ending age
Imperial Age
RankedLock teamsTeams togetherTeam positionsShared explorationLock speedFull tech treeHidden civsTurbo modeCheats
Victory
Defeat
🇨🇱 Franks · Chile
1156
+10
🇨🇱 Goths · Chile
898
+20
🇨🇱 Tatars · Chile
889
+20
🇨🇦 Sicilians · Canada
1073
-20
🇨🇦 Vietnamese · Canada
1036
-18
🇨🇦 Cumans · Canada
874
-12
Hisoku
10:36 Feudal Age
11:07 Double-Bit Axe
19:10 Castle Age
18:28 Scale Barding Armor
18:36 Forging
20:50 Chain Barding Armor
22:11 Husbandry
24:58 Wheelbarrow
24:36 Bow Saw
27:37 Hand Cart
32:43 Iron Casting
35:34 Imperial Age
34:46 Light Cavalry
36:41 Cavalier
38:42 Conscription
38:11 Loom
41:15 Plate Barding Armor
42:08 Town Watch
CristianBastias
3:34 Loom
10:31 Feudal Age
13:46 Man-at-Arms
25:01 Double-Bit Axe
26:00 Horse Collar
30:11 Castle Age
31:09 Long Swordsman
32:55 Forging
34:54 Scale Mail Armor
36:39 Stone Mining
37:36 Gold Mining
39:35 Stone Shaft Mining
42:07 Wheelbarrow
42:37 Pikeman
43:58 Squires
46:15 Bow Saw
Codicia01
4:06 Loom
10:54 Feudal Age
14:33 Double-Bit Axe
14:31 Horse Collar
17:06 Castle Age
15:16 Scale Barding Armor
16:54 Wheelbarrow
16:24 Town Watch
17:10 Stone Mining
19:12 Fletching
20:29 Bloodlines
24:59 Bow Saw
24:51 Heavy Plow
26:41 Bodkin Arrow
30:54 Gold Mining
31:09 Padded Archer Armor
39:09 Imperial Age
38:06 Leather Archer Armor
39:40 Husbandry
40:32 Silk Armor
41:20 Ballistics
42:05 Conscription
42:39 Chain Barding Armor
42:30 Forging
42:10 Heavy Camel Rider
45:40 Plate Barding Armor
45:41 Iron Casting
47:22 Heavy Cavalry Archer
Target Fixed
5:01 Loom
10:51 Feudal Age
12:31 Horse Collar
16:28 Fletching
27:12 Castle Age
31:22 Wheelbarrow
47:13 Heavy Plow
48:02 Double-Bit Axe
alex.feldblioum
10:59 Feudal Age
15:47 Bloodlines
18:21 Double-Bit Axe
22:39 Horse Collar
26:17 Castle Age
26:37 Fletching
26:59 Scale Barding Armor
32:01 Bodkin Arrow
32:44 Ballistics
32:48 Chain Barding Armor
32:29 Padded Archer Armor
34:28 Thumb Ring
41:34 Forging
41:26 Scale Mail Armor
49:01 Iron Casting
Molgrimmarr
8:24 Loom
10:21 Feudal Age
11:17 Double-Bit Axe
14:31 Horse Collar
20:38 Castle Age
20:22 Fletching
20:43 Forging
21:33 Gold Mining
21:59 Bow Saw
21:50 Heavy Plow
22:58 Scale Mail Armor
22:21 Pikeman
22:41 Crossbowman
24:34 Scale Mail Armor
25:17 Padded Archer Armor
26:13 Ballistics
28:09 Bodkin Arrow
28:50 Iron Casting
29:02 Squires
35:29 Imperial Age
34:46 Bloodlines
34:37 Husbandry
34:45 Scale Barding Armor
36:32 Bracer
Connection lost

Rejoining the realm…

Still unreachable

The connection could not be restored.

Session expired

The server has moved on; the page needs a fresh start.